AoeStats
← PZ|Perfect Destroyer

Arena

504575247Analyzed
4v4 RM · 26d ago on Sep 5, 2026· 46m 31s· 8 players
Game mode
Random Map
Map size
Large (8 player)
Population
200
Speed
Normal
Resources
Standard
Victory
Conquest
Starting age
Dark Age
Ending age
Imperial Age
RankedLock teamsTeams togetherTeam positionsShared explorationLock speedFull tech treeHidden civsTurbo modeCheats
Victory
Defeat
🇩🇪 Vikings · Germany
1415
+8
🇬🇧 Franks · United Kingdom
1247
+15
🇺🇸 Italians · United States
1190
+17
🇺🇸 Bohemians · United States
1097
+21
🇭🇺 Goths · Hungary
1244
-16
🇭🇺 Saracens · Hungary
1211
-15
🇭🇺 Bohemians · Hungary
1210
-15
🇭🇺 Lithuanians · Hungary
1205
-15
PZ|Perfect Destroyer
12:09 Feudal Age
16:26 Castle Age
15:07 Double-Bit Axe
15:14 Gold Mining
16:12 Horse Collar
17:18 Bow Saw
22:25 Wheelbarrow
29:19 Imperial Age
27:26 Scale Mail Armor
27:37 Forging
28:03 Anarchy
28:05 Squires
28:15 Heavy Plow
29:11 Chain Mail Armor
29:35 Hand Cart
30:46 Iron Casting
30:37 Perfusion
30:32 Elite Huskarl
32:27 Blast Furnace
32:50 Pikeman
34:15 Crop Rotation
34:20 Man-at-Arms
34:21 Halberdier
35:51 Long Swordsman
37:56 Two-Handed Swordsman
39:49 Champion
PZ|MBalu
10:52 Feudal Age
14:58 Castle Age
13:39 Double-Bit Axe
14:31 Horse Collar
18:02 Gold Mining
22:44 Bow Saw
23:27 Bloodlines
24:24 Fervor
24:38 Scale Barding Armor
30:45 Imperial Age
28:32 Forging
30:37 Chain Barding Armor
31:17 Wheelbarrow
31:05 Heavy Plow
30:52 Cavalier
34:58 Fletching
PZ|ReDw1nG
11:47 Feudal Age
12:19 Loom
15:34 Castle Age
14:17 Double-Bit Axe
14:14 Horse Collar
15:17 Stone Mining
17:42 Bow Saw
21:03 Scale Barding Armor
22:01 Forging
23:11 Heavy Plow
25:21 Wheelbarrow
26:34 Hand Cart
27:06 Gold Mining
31:53 Imperial Age
31:00 Chain Barding Armor
31:45 Gold Shaft Mining
32:05 Iron Casting
33:39 Plate Barding Armor
35:36 Blast Furnace
36:13 Two-Man Saw
40:37 Conscription
40:53 Elite Mameluke
PZ|SlothKing
9:56 Feudal Age
9:02 Loom
14:04 Castle Age
18:41 Redemption
32:10 Imperial Age
31:10 Fletching
35:15 Imperial Age
jackgsbh
10:48 Feudal Age
14:49 Castle Age
13:52 Double-Bit Axe
15:36 Wheelbarrow
20:36 Scale Barding Armor
22:30 Forging
22:14 Gold Mining
22:07 Light Cavalry
22:47 Loom
24:31 Husbandry
26:33 Chain Barding Armor
26:53 Hand Cart
28:51 Iron Casting
28:55 Gold Shaft Mining
28:57 Town Watch
33:24 Imperial Age
32:04 Stone Mining
33:29 Cavalier
34:49 Plate Barding Armor
35:15 Blast Furnace
34:06 Fletching
35:26 Paladin
39:42 Bodkin Arrow
Myrmidon Overlord
10:11 Feudal Age
13:45 Castle Age
12:18 Double-Bit Axe
12:31 Horse Collar
18:22 Bow Saw
22:00 Loom
22:01 Town Watch
22:23 Gold Mining
25:37 Imperial Age
24:17 Scale Mail Armor
24:28 Forging
24:29 Squires
24:14 Arson
25:52 Chain Mail Armor
25:52 Heavy Plow
28:36 Iron Casting
28:41 Devotion
30:29 Plate Mail Armor
32:43 Blast Furnace
36:25 Chieftains
36:46 Conscription
36:31 Fletching
37:03 Ballistics
36:24 Treadmill Crane
36:55 Masonry
42:35 Hoardings
44:23 Gold Shaft Mining
43:38 Stone Mining
44:18 Siege Engineers
44:43 Architecture
45:14 Chemistry
45:48 Elite Berserk
GISEPPI
10:52 Feudal Age
9:07 Loom
15:14 Castle Age
16:24 Double-Bit Axe
17:38 Bow Saw
23:28 Wagenburg Tactics
24:46 Horse Collar
29:47 Imperial Age
34:01 Wheelbarrow
33:13 Town Watch
34:51 Fletching
36:31 Chemistry
35:51 Ballistics
35:30 Murder Holes
35:54 Bodkin Arrow
SleepDeprivedDaddy
11:28 Feudal Age
15:15 Castle Age
13:21 Double-Bit Axe
13:26 Horse Collar
17:49 Loom
18:21 Redemption
30:04 Wheelbarrow
30:25 Heavy Plow
38:34 Imperial Age
37:45 Hand Cart
37:49 Gold Mining
40:15 Chemistry
39:53 Pirotechnia
40:08 Conscription
46:31 Padded Archer Armor
Connection lost

Rejoining the realm…

Still unreachable

The connection could not be restored.

Session expired

The server has moved on; the page needs a fresh start.